MID
DAYTON DRAGONS @ WEST VIRGINIA POWER
05/26/2048
 
TOP OF THE 1ST
Dayton Dragons batting - Pitching for West Virginia Power : RHP Eric Bourque
Pitching: RHP Eric Bourque
Batting: LHB Matt Kennedy 0-0: SINGLE (Groundball, P, EV 81.2 MPH) (infield hit)
Batting: LHB Leo Gomez 0-0: Called Strike
0-1: DOUBLE (Line Drive, 9LD, EV 111.2 MPH)
Matt Kennedy to third
Batting: RHB Andy Bachman 0-0: Foul Ball, location: 2F
0-1: Ball
1-1: Ball
2-1: Ground out 4-3 (Groundball, 34D, EV 81.2 MPH)
Matt Kennedy scores
Leo Gomez to third
Batting: LHB Chris Redhead 0-0: Ball
1-0: Ball
2-0: Ball
3-0: Base on Balls
Batting: RHB Mark Williams 0-0: Foul Ball, location: 2F
0-1: Ball
1-1: Ball
2-1: Swinging Strike
2-2: Fielders Choice at 2nd, 4-6 (Groundball, 34S, EV 88.1 MPH)
Leo Gomez scores
Batting: LHB Ray Walden 0-0: Ball
1-0: Foul Ball, location: 2F
1-1: Called Strike
1-2: Foul Ball, location: 2F
1-2: Fly out, F9 (Flyball, 9, EV 87.5 MPH)
Top of the 1st over - 2 runs, 2 hits, 0 errors, 1 left on base; Dayton 2 - West Virginia 0
BOTTOM OF THE 1ST
West Virginia Power batting - Pitching for Dayton Dragons : LHP Jason St. Clair
Pitching: LHP Jason St. Clair
Batting: RHB Ken Manser 0-0: Ground out 6-3 (Groundball, 6, EV 88.1 MPH)
Batting: RHB Perry Dominey 0-0: Ball
1-0: Ball
2-0: Ball
3-0: Base on Balls
Batting: RHB Dave Fredericks 0-0: Called Strike
0-1: Ball
1-1: Swinging Strike
1-2: Ball
2-2: Ball
Perry Dominey is caught stealing 2nd base 2-4
3-2: Strikes out looking
Bottom of the 1st over - 0 runs, 0 hits, 0 errors, 0 left on base; Dayton 2 - West Virginia 0
TOP OF THE 2ND
Dayton Dragons batting - Pitching for West Virginia Power : RHP Eric Bourque
Batting: RHB Chris Zamora 0-0: Ball
1-0: Foul Ball, location: 2F
1-1: Swinging Strike
1-2: Ball
2-2: Ground out 6-3 (Groundball, 6, EV 101.9 MPH)
Batting: RHB Ernie Maldonado 0-0: Called Strike
0-1: Ball
1-1: Ball
2-1: Fly out, F7 (Flyball, 78D, EV 98.8 MPH)
Batting: RHB Yutaka Sato 0-0: Called Strike
0-1: Swinging Strike
0-2: Strikes out swinging
Top of the 2nd over - 0 runs, 0 hits, 0 errors, 0 left on base; Dayton 2 - West Virginia 0
BOTTOM OF THE 2ND
West Virginia Power batting - Pitching for Dayton Dragons : LHP Jason St. Clair
Batting: RHB Brandon White 0-0: Called Strike
0-1: Ball
1-1: Foul Ball, location: 2F
1-2: Ball
2-2: SINGLE (Groundball, 56D, EV 105.0 MPH)
Batting: RHB Alain Marquet 0-0: Ball
1-0: SINGLE (Groundball, 6MD, EV 106.2 MPH)
Brandon White to second
Runner from 2nd tries for 3rd, SAFE, throw by CF made to third
Batting: RHB Jaime Dubicki 0-0: Called Strike
0-1: Fielders Choice at 2nd, 5-4 (Groundball, 56S, EV 89.4 MPH)
Brandon White scores
Batting: RHB Killian Jones 0-0: Swinging Strike
0-1: Ball
1-1: Called Strike
1-2: Foul Ball, location: 2F
1-2: 2-RUN HOME RUN (Line Drive, 78XD, EV 106.9 MPH), Distance : 403 ft
Batting: RHB Chris Beckham 0-0: Called Strike
0-1: Swinging Strike
0-2: Ball
1-2: Foul Ball, location: 2F
1-2: Ball
2-2: Strikes out swinging
Batting: RHB Seung-mun Kim 0-0: Ball
1-0: Foul Ball, location: 2F
1-1: SINGLE (Groundball, 56S, EV 60.6 MPH) (infield hit)
Batting: RHB Ken Manser 0-0: Ball
1-0: Swinging Strike
1-1: Ball
2-1: Ball
3-1: Base on Balls
Seung-mun Kim to second
Batting: RHB Perry Dominey 0-0: Foul Ball, location: 2F
0-1: Foul Ball, location: 2F
0-2: Ball
1-2: Ball
2-2: Foul Ball, location: 2F
2-2: Strikes out looking
Bottom of the 2nd over - 3 runs, 4 hits, 0 errors, 2 left on base; Dayton 2 - West Virginia 3
TOP OF THE 3RD
Dayton Dragons batting - Pitching for West Virginia Power : RHP Eric Bourque
Batting: LHB Matt Kennedy 0-0: Ball
1-0: Foul Ball, location: 2F
1-1: Called Strike
1-2: Ball
2-2: SINGLE (Groundball, 4D, EV 96.9 MPH)
Batting: LHB Leo Gomez 0-0: Fly out, F7 (Line Drive, 7, EV 91.2 MPH)
Batting: RHB Andy Bachman 0-0: Foul Ball, location: 2F
0-1: Ball
1-1: Foul Ball, location: 2F
1-2: Ball
2-2: Ball
3-2: Fly out, F5 (Popup, 56S, EV 78.8 MPH)
Batting: LHB Chris Redhead 0-0: Called Strike
0-1: Foul Ball, location: 2F
0-2: Ball
1-2: Ball
2-2: Ball
3-2: Foul Ball, location: 2F
3-2: Fly out, F8 (Flyball, 78D, EV 91.2 MPH)
Top of the 3rd over - 0 runs, 1 hit, 0 errors, 1 left on base; Dayton 2 - West Virginia 3
BOTTOM OF THE 3RD
West Virginia Power batting - Pitching for Dayton Dragons : LHP Jason St. Clair
Batting: RHB Dave Fredericks 0-0: Ball
1-0: Ball
2-0: Ball
3-0: Fly out, F8 (Flyball, 8LXD, EV 85.0 MPH)
Batting: RHB Brandon White 0-0: Called Strike
0-1: Foul Ball, location: 2F
0-2: Ball
1-2: Ball
2-2: Strikes out looking
Batting: RHB Alain Marquet 0-0: Ball
1-0: Ground out 6-3 (Groundball, 6, EV 101.9 MPH)
Bottom of the 3rd over - 0 runs, 0 hits, 0 errors, 0 left on base; Dayton 2 - West Virginia 3
TOP OF THE 4TH
Dayton Dragons batting - Pitching for West Virginia Power : RHP Eric Bourque
Batting: RHB Mark Williams 0-0: Ball
1-0: Foul Ball, location: 2F
1-1: Swinging Strike
1-2: Ground out U3 (Groundball, 3L, EV 103.1 MPH)
Batting: LHB Ray Walden 0-0: Swinging Strike
0-1: Ball
1-1: Called Strike
1-2: Foul Ball, location: 2F
1-2: Strikes out swinging
Batting: RHB Chris Zamora 0-0: Swinging Strike
0-1: Ball
1-1: Ball
2-1: Ball
3-1: Foul Ball, location: 2F
3-2: TRIPLE (Flyball, 8LXD, EV 106.2 MPH)
Batting: RHB Ernie Maldonado 0-0: Called Strike
0-1: Ball
1-1: Ball
2-1: Ball
3-1: Called Strike
3-2: Strikes out swinging
Top of the 4th over - 0 runs, 1 hit, 0 errors, 1 left on base; Dayton 2 - West Virginia 3
BOTTOM OF THE 4TH
West Virginia Power batting - Pitching for Dayton Dragons : LHP Jason St. Clair
Batting: RHB Jaime Dubicki 0-0: Called Strike
0-1: Foul Ball, location: 2F
0-2: Fly out, F7 (Flyball, 78S, EV 88.1 MPH)
Batting: RHB Killian Jones 0-0: Ball
1-0: Called Strike
1-1: Called Strike
1-2: Ball
2-2: Ball
3-2: Strikes out swinging
Batting: RHB Chris Beckham 0-0: Ground out 5-3 (Groundball, 56S, EV 85.0 MPH)
Bottom of the 4th over - 0 runs, 0 hits, 0 errors, 0 left on base; Dayton 2 - West Virginia 3
TOP OF THE 5TH
Dayton Dragons batting - Pitching for West Virginia Power : RHP Eric Bourque
Batting: RHB Yutaka Sato 0-0: Ball
1-0: Called Strike
1-1: Ground out 6-3 (Groundball, 6, EV 87.5 MPH)
Batting: LHB Matt Kennedy 0-0: Called Strike
0-1: Called Strike
0-2: Ball
1-2: Ball
2-2: Ground out 6-3 (Groundball, 6, EV 85.0 MPH)
Batting: LHB Leo Gomez 0-0: Ball
1-0: Foul Ball, location: 2F
1-1: Ground out 1-3 (Groundball, 15S, EV 68.8 MPH)
Top of the 5th over - 0 runs, 0 hits, 0 errors, 0 left on base; Dayton 2 - West Virginia 3
BOTTOM OF THE 5TH
West Virginia Power batting - Pitching for Dayton Dragons : LHP Jason St. Clair
Batting: RHB Seung-mun Kim 0-0: Ball
1-0: SINGLE (Groundball, 6MD, EV 106.9 MPH)
Batting: RHB Ken Manser 0-0: Ball
1-0: Called Strike
1-1: Called Strike
1-2: Strikes out swinging
Batting: RHB Perry Dominey 0-0: Ball
1-0: Called Strike
1-1: Single, Error in OF, E9, batter to second base (Line Drive, 9LS, EV 100.0 MPH)
Seung-mun Kim to third
Batting: RHB Dave Fredericks 0-0: Called Strike
0-1: Ball
1-1: Called Strike
1-2: Hit by Pitch
Batting: RHB Brandon White 0-0: Ball
1-0: Fly out, F7 (Flyball, 7D, EV 88.8 MPH)
Runner from 3rd tags up, SCORES, throw by LF
Batting: RHB Alain Marquet 0-0: Ball
1-0: Ball
2-0: Ball
3-0: Called Strike
3-1: Base on Balls
Perry Dominey to third
Dave Fredericks to second
Batting: RHB Jaime Dubicki 0-0: Ball
1-0: Ball
2-0: Ball
3-0: Base on Balls
Perry Dominey scores
Dave Fredericks to third
Alain Marquet to second
Pitching: RHP Aaron McArdle
Batting: RHB Killian Jones 0-0: Called Strike
0-1: Swinging Strike
Passed Ball!
Dave Fredericks scores
Alain Marquet to third
Jaime Dubicki to second
0-2: Ball
1-2: Ball
2-2: Strikes out swinging
Bottom of the 5th over - 3 runs, 2 hits, 1 error, 2 left on base; Dayton 2 - West Virginia 6
TOP OF THE 6TH
Dayton Dragons batting - Pitching for West Virginia Power : RHP Eric Bourque
Batting: RHB Andy Bachman 0-0: Swinging Strike
0-1: Fly out, F7 (Flyball, 7D, EV 98.8 MPH)
Batting: LHB Chris Redhead 0-0: Ball
1-0: Foul Ball, location: 2F
1-1: Ball
2-1: Foul Ball, location: 2F
2-2: Ball
3-2: Foul Ball, location: 2F
3-2: Ground out 6-3 (Groundball, 6, EV 109.4 MPH)
Batting: RHB Mark Williams 0-0: Foul Ball, location: 2F
0-1: SINGLE (Line Drive, 4D, EV 100.0 MPH)
Pitching: RHP Kevin Beury
Batting: LHB Ray Walden 0-0: Called Strike
0-1: Ball
1-1: Ball
2-1: Fielders Choice at 2nd, 5-4 (Groundball, 56, EV 90.0 MPH)
Top of the 6th over - 0 runs, 1 hit, 0 errors, 1 left on base; Dayton 2 - West Virginia 6
BOTTOM OF THE 6TH
West Virginia Power batting - Pitching for Dayton Dragons : RHP Aaron McArdle
Batting: RHB Chris Beckham 0-0: Foul Ball, location: 2F
0-1: Foul Ball, location: 2F
0-2: Ground out 6-3 (Groundball, 6, EV 83.1 MPH)
Batting: RHB Seung-mun Kim 0-0: Swinging Strike
0-1: Swinging Strike
0-2: Foul Ball, location: 2F
0-2: Foul Ball, location: 2F
0-2: Foul Ball, location: 2F
0-2: Strikes out swinging
Batting: RHB Ken Manser 0-0: Ball
1-0: Ball
2-0: Swinging Strike
2-1: Foul Ball, location: 2F
2-2: Strikes out looking
Bottom of the 6th over - 0 runs, 0 hits, 0 errors, 0 left on base; Dayton 2 - West Virginia 6
TOP OF THE 7TH
Dayton Dragons batting - Pitching for West Virginia Power : RHP Kevin Beury
Batting: RHB Chris Zamora 0-0: Ball
1-0: Swinging Strike
1-1: Ball
2-1: Called Strike
2-2: Foul Ball, location: 2F
2-2: Ball
3-2: Ground out 3-1 (Groundball, 34D, EV 103.8 MPH)
Batting: RHB Ernie Maldonado 0-0: Called Strike
0-1: Ball
1-1: Ball
2-1: Foul Ball, location: 2F
2-2: Foul Ball, location: 2F
2-2: DOUBLE (Groundball, 5L, EV 103.8 MPH)
Batting: RHB Yutaka Sato 0-0: Called Strike
0-1: Called Strike
0-2: Strikes out looking
Batting: LHB Matt Kennedy 0-0: Called Strike
0-1: Ball
1-1: Foul Ball, location: 2F
1-2: Ball
2-2: Ball
3-2: Ground out U3 (Groundball, 34S, EV 90.6 MPH)
Top of the 7th over - 0 runs, 1 hit, 0 errors, 1 left on base; Dayton 2 - West Virginia 6
BOTTOM OF THE 7TH
West Virginia Power batting - Pitching for Dayton Dragons : RHP Aaron McArdle
Pitching: RHP Jalen Patterson
Batting: RHB Perry Dominey 0-0: Fly out, F9 (Flyball, 9D, EV 98.1 MPH)
Batting: RHB Dave Fredericks 0-0: Foul Ball, location: 2F
0-1: Foul Ball, location: 2F
0-2: Ball
1-2: SINGLE (Line Drive, 78S, EV 104.4 MPH)
Batting: RHB Brandon White 0-0: Ball
Dave Fredericks is caught stealing 2nd base 2-4
1-0: Ball
2-0: Called Strike
2-1: Ball
3-1: DOUBLE (Line Drive, 9LM, EV 93.8 MPH)
Batting: RHB Alain Marquet 0-0: Ball
1-0: Called Strike
1-1: Ball
2-1: Fly out, F9 (Flyball, 9, EV 85.6 MPH)
Bottom of the 7th over - 0 runs, 2 hits, 0 errors, 1 left on base; Dayton 2 - West Virginia 6
TOP OF THE 8TH
Dayton Dragons batting - Pitching for West Virginia Power : RHP Kevin Beury
Batting: LHB Leo Gomez 0-0: Foul Ball, location: 2F
0-1: Fly out, F8 (Flyball, 8RM, EV 95.0 MPH)
Batting: RHB Andy Bachman 0-0: Swinging Strike
0-1: Ball
1-1: Called Strike
1-2: Ball
2-2: Ground out U3 (Groundball, 34, EV 101.2 MPH)
Batting: LHB Chris Redhead 0-0: Fly out, F9 (Line Drive, 89M, EV 103.8 MPH)
Top of the 8th over - 0 runs, 0 hits, 0 errors, 0 left on base; Dayton 2 - West Virginia 6
BOTTOM OF THE 8TH
West Virginia Power batting - Pitching for Dayton Dragons : RHP Jalen Patterson
Batting: RHB Jaime Dubicki 0-0: Ball
1-0: SINGLE (Line Drive, 6M, EV 98.8 MPH)
Batting: RHB Killian Jones 0-0: Called Strike
0-1: Ball
1-1: Called Strike
1-2: Ball
2-2: Fly out, F9 (Flyball, 9LM, EV 91.2 MPH)
Batting: RHB Chris Beckham 0-0: Ball
1-0: Fly out, F8 (Flyball, 89M, EV 90.0 MPH)
Batting: RHB Seung-mun Kim 0-0: Foul Ball, location: 2F
0-1: Ball
1-1: Ball
2-1: Ball
3-1: DOUBLE (Line Drive, 78XD, EV 101.9 MPH)
Jaime Dubicki to third
Runner from 3rd tries for Home, SAFE, no throw by CF
Batting: RHB Ken Manser 0-0: Foul Ball, location: 2F
0-1: Called Strike
0-2: Ball
1-2: SINGLE (Line Drive, 8RS, EV 96.2 MPH)
Seung-mun Kim to third
Runner from 3rd tries for Home, SAFE, throw by CF to home
Batting: RHB Perry Dominey 0-0: Called Strike
Ken Manser is caught stealing 2nd base 2-4
Bottom of the 8th over - 2 runs, 3 hits, 0 errors, 0 left on base; Dayton 2 - West Virginia 8
TOP OF THE 9TH
Dayton Dragons batting - Pitching for West Virginia Power : RHP Kevin Beury
Batting: RHB Mark Williams 0-0: Foul Ball, location: 2F
0-1: Fly out, F9 (Line Drive, 9S, EV 90.0 MPH)
Batting: LHB Ray Walden 0-0: Called Strike
0-1: Swinging Strike
0-2: Strikes out swinging
Batting: RHB Chris Zamora 0-0: Called Strike
0-1: SINGLE (Line Drive, 89S, EV 106.2 MPH)
Batting: RHB Ernie Maldonado 0-0: Ball
1-0: Ball
2-0: Called Strike
2-1: Ball
3-1: SINGLE (Flyball, 6D, EV 88.1 MPH)
Chris Zamora to second
Batting: RHB Yutaka Sato 0-0: Ball
1-0: Swinging Strike
1-1: Swinging Strike
1-2: Ball
2-2: Strikes out swinging
Top of the 9th over - 0 runs, 2 hits, 0 errors, 2 left on base; Dayton 2 - West Virginia 8
Tuesday, March 28th , 2023 - OOTP Baseball 23.10 Build 110